 Dungeon Crawl Stone Soup version 0.28.0 (webtiles) character file.

Game seed: 1676745274029360772

41 inmateoo the Stinger (level 3, -4/22 HPs)
             Began as an Octopode Venom Mage on Feb 13, 2022.
             Killed by nerve-wracking pain
             ... invoked by a shadow imp
             ... summoned by Natasha
              (7 damage)
             ... on level 2 of the Dungeon.
             The game lasted 00:03:46 (1299 turns).

inmateoo the Stinger (Octopode Venom Mage)          Turns: 1299, Time: 00:03:46

Health: -4/22      AC:  1    Str:  7    XL:     3   Next: 52%
Magic:  1/6        EV: 13    Int: 19    God:
Gold:   84         SH:  0    Dex: 12    Spells: 0/6 levels left

rFire   . . .      SeeInvis .   (no weapon)
rCold   . . .      Faith    .   (no shield)
rNeg    . . .      Spirit   .   (helmet restricted)
rPois   .          Reflect  .   (no amulet)
rElec   .          Harm     .   (no ring)
rCorr   .          Rampage  .   (no ring)
Will    .....                   (no ring)
Stlth   +++.......              (no ring)
HPRegen 0.07/turn               (no ring)
MPRegen 0.10/turn               (no ring)
                                (no ring)
                                (no ring)

@: no status effects
A: almost no armour, amphibious, 8 rings, camouflage 1, gelatinous body 1,
(nimble swimmer 1), tentacles
a: no special abilities


You were on level 2 of the Dungeon.
You visited 1 branch of the dungeon, and saw 2 of its levels.

You collected 84 gold pieces.

Inventory:

Scrolls
 b - a scroll of magic mapping


   Skills:
 + Level 0.3 Fighting
 + Level 2.4 Dodging
 + Level 3.2 Stealth
 + Level 2.2 Spellcasting
 + Level 0.1 Conjurations
 + Level 1.6 Transmutations
 + Level 0.0 Air Magic
 * Level 4.0 Poison Magic


You couldn't memorise any spells.
You knew the following spells:

 Your Spells              Type           Power      Damage    Failure   Level
a - Sting                 Tmut/Pois      48%        1d5       4%          1
b - Poisonous Vapours     Pois/Air       18%        N/A       11%         2
c - Mephitic Cloud        Conj/Pois/Air  7%         N/A       28%         3

Your spell library contained the following spells:

 Spells                   Type           Power      Damage    Failure   Level
 Olgreb's Toxic Radiance  Pois           17%        N/A       30%         4


Dungeon Overview and Level Annotations

Branches:
Dungeon (2/15)

Altars:

Annotations:
D:2 Natasha


Innate Abilities, Weirdness & Mutations

You cannot wear most types of armour.
You are amphibious.
You can wear up to eight rings at the same time.
Your skin changes colour to match your surroundings (Stealth+).
Your rubbery body absorbs attacks. (AC +1, EV +1)
((You are camouflaged when in or above water. (Stealth+)))
You have tentacles for arms and can constrict up to eight enemies at once.


Message History

You kill the quokka!
Natasha misses you.
You tentacle-slap Natasha but do no damage.
Your grab misses Natasha. Natasha closely misses you.
Casting: Sting (safe; 4% risk of failure)
Confirm with . or Enter, or press ? or * to list all spells.
Aiming: Sting (safe; 4% risk of failure)
Press: ? - help, Shift-Dir - straight line, f/p - Natasha
Aim: Natasha (64% to hit)
The sting hits Natasha.
Natasha is poisoned.
Natasha is moderately wounded.
Natasha claws you.
You closely miss Natasha. Your grab misses Natasha.
Natasha is moderately wounded.
Natasha hisses.
Natasha claws you.
You aren't carrying any potions.
Unknown command.
As you read the scroll of identify, it crumbles to dust.
b - a scroll of magic mapping Natasha casts a spell.
Unknown command.
Casting: Sting (safe; 4% risk of failure)
Confirm with . or Enter, or press ? or * to list all spells.
The spell is extremely dangerous to miscast (28% risk of failure)!
Continue anyway? [Y]es or [N]o only, please.
The spell is extremely dangerous to miscast (28% risk of failure)!
Continue anyway?
Okay, then.
Unknown command.
Casting: Mephitic Cloud (extremely dangerous; 28% risk of failure)
Confirm with . or Enter, or press ? or * to list all spells.
Aiming: Poisonous Vapours (safe; 11% risk of failure)
Press: ? - help, Dir - move target, f/p - Natasha
Aim: Natasha (heavily wounded, poisoned) Poisonous vapours surround Natasha!
Natasha looks even sicker.
Natasha claws you.
* * * LOW HITPOINT WARNING * * *
The shadow imp gestures at you. Pain shoots through your body!
You die...

............+.#
............#.#
....(.......K.#
......h.....#.#
.....5g######h#
....... #.#
....... #.#
...g...
#g#####.#
.......
#Kh@5...#
.......
#########
.......


You could see Natasha (very poisoned), a shadow imp (summoned), a hobgoblin and
a kobold.

Vanquished Creatures
  A dart slug (D:1)
  8 ball pythons
  3 endoplasms (D:1)
  3 goblins
  6 hobgoblins
  2 jackals (D:1)
  3 kobolds
  A quokka (D:2)
  4 bats
  A frilled lizard (D:2)
  A rat (D:1)
33 creatures vanquished.

Notes
Turn   | Place    | Note
-------+----------+-------------------------------------------
     0 | D:1      | inmateoo the Octopode Venom Mage began the quest for the
                  | Orb.
     0 | D:1      | Reached XP level 1. HP: 11/11 MP: 3/3
    62 | D:1      | Reached XP level 2. HP: 17/17 MP: 0/5
   139 | D:1      | Learned a level 2 spell: Poisonous Vapours
   435 | D:1      | Found a faded altar of an unknown god.
   668 | D:1      | Reached XP level 3. HP: 20/21 MP: 6/6
  1031 | D:1      | Reached skill level 4 in Poison Magic
  1191 | D:2      | Learned a level 3 spell: Mephitic Cloud
  1278 | D:2      | Noticed Natasha
  1299 | D:2      | Killed from afar by a shadow imp

Illustrated notes

Levels and vault maps discovered:
D:1:      ncdulo_lavacross, layout_basic, shapermc_ecumenical_altar_acropolis
D:2:      layout_basic, small_statue_intersection, eino_tiny_chamber,
          kennysheep_generic_room_10, uniq_natasha, uniq_robin

Skill      XL: |  1  2  3 |
---------------+----------+-----
Stealth        | 3 |  3.2
Poison Magic   | 4 |  4.0
Fighting       | |  0.3
Dodging        | |  2.4
Spellcasting   | |  2.2
Conjurations   | |  0.1
Transmutations | |  1.6

Action                   || total
-------------------------++-------
Melee: Unarmed           ||    47
       Tentacles         ||    10
       Constrict         ||    14
       Punch             ||     2
 Cast: Sting             ||    28
       Poisonous Vapours ||     4
  Use: Scroll            ||     3
 Stab: Sleeping          ||     3
Armor: Skin              ||     3
Dodge: Dodged            ||    33
